AA - U28
BINGHAMTON RUMBLE PONIES @ AKRON RUBBERDUCKS
07/17/2052
 
TOP OF THE 1ST
Bowie Baysox batting - Pitching for Somerset Patriots : RHP Bill Chandler
Pitching: RHP Bill Chandler
Batting: RHB Nikolas Williams 0-0: Ball
1-0: Called Strike
1-1: Ball
2-1: Ball
3-1: Called Strike
3-2: Foul Ball, location: 2F
3-2: Foul Ball, location: 2F
3-2: Fly out, F7 (Flyball, 7, EV 81.2 MPH)
Batting: RHB César Maldonado 0-0: Ball
1-0: Called Strike
1-1: Ball
2-1: Ball
3-1: Foul Ball, location: 2F
3-2: Fly out, F7 (Flyball, 7D, EV 74.4 MPH)
Batting: LHB E.J. Sadowski 0-0: Called Strike
0-1: Swinging Strike
0-2: Strikes out looking
Top of the 1st over - 0 runs, 0 hits, 0 errors, 0 left on base; Bowie 0 - Somerset 0
BOTTOM OF THE 1ST
Somerset Patriots batting - Pitching for Bowie Baysox : RHP V.J. Bounds
Pitching: RHP V.J. Bounds
Batting: RHB Kymani Whitley 0-0: Ball
1-0: Ball
2-0: Swinging Strike
2-1: Swinging Strike
2-2: SINGLE (Groundball, 6MD, EV 96.9 MPH) (infield hit)
Batting: RHB Vijay Gonzalez 0-0: Ball
Kymani Whitley steals 2nd base
1-0: Foul Ball, location: 2F
1-1: Ball
2-1: Ground out 6-3 (Groundball, 6, EV 85.6 MPH)
Kymani Whitley to third
Batting: LHB Monte Baker 0-0: Ball
1-0: Ball
2-0: SINGLE (Line Drive, 3D, EV 95.0 MPH)
Kymani Whitley scores
Batting: SHB Ryder Speyer 0-0: Ball
1-0: Ball
2-0: Swinging Strike
2-1: Fly out, F9 (Flyball, 89S, EV 85.0 MPH)
Batting: RHB Darren Bailly 0-0: Ball
1-0: Swinging Strike
1-1: DOUBLE (Line Drive, 9LM, EV 105.0 MPH)
Monte Baker to third
Runner from 3rd tries for Home, SAFE, no throw by RF
Batting: RHB Garett Castoriadis 0-0: Ball
1-0: Called Strike
1-1: Fly out, F8 (Flyball, 8LXD, EV 91.9 MPH)
Bottom of the 1st over - 2 runs, 3 hits, 0 errors, 1 left on base; Bowie 0 - Somerset 2
TOP OF THE 2ND
Bowie Baysox batting - Pitching for Somerset Patriots : RHP Bill Chandler
Batting: RHB Rory Phelps 0-0: Ball
1-0: Ball
2-0: Foul Ball, location: 2F
2-1: Fly out, F8 (Flyball, 8LM, EV 87.5 MPH)
Batting: LHB Antony Alonso 0-0: Ball
1-0: Foul Ball, location: 2F
1-1: Foul Ball, location: 2F
1-2: Foul Ball, location: 2F
1-2: Ground out 4-3 (Groundball, 4, EV 82.5 MPH)
Batting: SHB Randy Heroux 0-0: SINGLE (Groundball, 6MS, EV 80.0 MPH) (infield hit)
Batting: RHB Dedric Rodman 0-0: Fly out, F8 (Flyball, 78S, EV 94.4 MPH)
Top of the 2nd over - 0 runs, 1 hit, 0 errors, 1 left on base; Bowie 0 - Somerset 2
BOTTOM OF THE 2ND
Somerset Patriots batting - Pitching for Bowie Baysox : RHP V.J. Bounds
Batting: LHB Jeremiah West 0-0: Ball
1-0: Fly out, F8 (Flyball, 8LD, EV 94.4 MPH)
Batting: RHB Lukas Catlin 0-0: Ball
1-0: Called Strike
1-1: Ball
2-1: Called Strike
2-2: Fly out, F9 (Line Drive, 89M, EV 108.1 MPH)
Batting: RHB Owen George 0-0: Called Strike
0-1: Ball
1-1: Ground out 5-3 (Groundball, 56, EV 79.4 MPH)
Bottom of the 2nd over - 0 runs, 0 hits, 0 errors, 0 left on base; Bowie 0 - Somerset 2
TOP OF THE 3RD
Bowie Baysox batting - Pitching for Somerset Patriots : RHP Bill Chandler
Batting: RHB Hugo Magellan 0-0: Ball
1-0: Ball
2-0: Ball
3-0: Called Strike
3-1: Foul Ball, location: 2F
3-2: Fly out, F7 (Flyball, 7, EV 92.5 MPH)
Batting: RHB Peter Schoen 0-0: Called Strike
0-1: Ball
1-1: Ball
2-1: DOUBLE (Flyball, 89XD, EV 105.6 MPH)
Batting: RHB Nikolas Williams 0-0: Ball
Peter Schoen steals 3rd base
1-0: Fly out, F9 (Line Drive, 9D, EV 100.6 MPH)
Runner from 3rd tags up, SCORES, no throw by RF
Batting: RHB César Maldonado 0-0: Swinging Strike
0-1: Foul Ball, location: 2F
0-2: Ground out 5-3 (Groundball, 56S, EV 68.8 MPH)
Top of the 3rd over - 1 run, 1 hit, 0 errors, 0 left on base; Bowie 1 - Somerset 2
BOTTOM OF THE 3RD
Somerset Patriots batting - Pitching for Bowie Baysox : RHP V.J. Bounds
Batting: RHB Kymani Whitley 0-0: Ball
1-0: Ball
2-0: Ball
3-0: Base on Balls
Batting: RHB Vijay Gonzalez 0-0: Foul Ball, location: 2F
Balk!
Kymani Whitley to second
0-1: Ball
1-1: Ball
2-1: Foul Ball, location: 2F
2-2: Reached on error, E5 (Groundball, 56, EV 110.6 MPH)
Kymani Whitley scores
Batting: LHB Monte Baker 0-0: Foul Ball, location: 2F
0-1: Ground out U3 (Groundball, 3, EV 99.4 MPH)
Vijay Gonzalez to third
Batting: SHB Ryder Speyer 0-0: Called Strike
0-1: Hit by Pitch
Batting: RHB Darren Bailly 0-0: Ball
1-0: Ball
2-0: Ball
3-0: Called Strike
3-1: Foul Ball, location: 2F
3-2: Base on Balls
Ryder Speyer to second
Batting: RHB Garett Castoriadis 0-0: Called Strike
0-1: Ball
1-1: SINGLE (Groundball, 4MD, EV 104.4 MPH)
Vijay Gonzalez scores
Ryder Speyer to third
Darren Bailly to second
Runner from 3rd tries for Home, SAFE, throw by CF to home
Pitching: LHP Doug Richardson
Batting: LHB Jeremiah West 0-0: Called Strike
0-1: Ball
1-1: Ball
2-1: Foul Ball, location: 2F
2-2: Foul Ball, location: 2F
2-2: Foul Ball, location: 2F
2-2: Ball
3-2: Fly out, F7 (Flyball, 7LD, EV 98.8 MPH)
Batting: RHB Lukas Catlin 0-0: Swinging Strike
0-1: Ground out 6-3 (Groundball, 6M, EV 85.6 MPH)
Bottom of the 3rd over - 3 runs, 1 hit, 1 error, 2 left on base; Bowie 1 - Somerset 5
TOP OF THE 4TH
Bowie Baysox batting - Pitching for Somerset Patriots : RHP Bill Chandler
Batting: LHB E.J. Sadowski 0-0: Called Strike
0-1: Ball
1-1: Called Strike
1-2: Strikes out swinging
Batting: RHB Rory Phelps 0-0: Called Strike
0-1: Ball
1-1: Swinging Strike
1-2: Strikes out looking
Batting: LHB Antony Alonso 0-0: Called Strike
0-1: Ball
1-1: Fly out, F7 (Flyball, 7S, EV 83.8 MPH)
Top of the 4th over - 0 runs, 0 hits, 0 errors, 0 left on base; Bowie 1 - Somerset 5
BOTTOM OF THE 4TH
Somerset Patriots batting - Pitching for Bowie Baysox : LHP Doug Richardson
Pitching: RHP Aiden Greene
Batting: RHB Owen George 0-0: Swinging Strike
0-1: Ball
1-1: Ground out 4-3 (Groundball, 4M, EV 84.4 MPH)
Batting: RHB Kymani Whitley 0-0: Swinging Strike
0-1: Foul Ball, location: 2F
0-2: Foul Ball, location: 2F
0-2: Ball
1-2: Foul Ball, location: 2F
1-2: Ball
2-2: Strikes out looking
Batting: RHB Vijay Gonzalez 0-0: Called Strike
0-1: Called Strike
0-2: Strikes out swinging
Bottom of the 4th over - 0 runs, 0 hits, 0 errors, 0 left on base; Bowie 1 - Somerset 5
TOP OF THE 5TH
Bowie Baysox batting - Pitching for Somerset Patriots : RHP Bill Chandler
Batting: SHB Randy Heroux 0-0: Foul Ball, location: 2F
0-1: Ball
1-1: Ball
2-1: Called Strike
2-2: Ground out 5-3 (Groundball, 56, EV 85.0 MPH)
Batting: RHB Dedric Rodman 0-0: Ball
1-0: Called Strike
1-1: Ball
2-1: Ball
3-1: Base on Balls
Batting: RHB Hugo Magellan 0-0: DOUBLE (Line Drive, 9LS, EV 93.1 MPH)
Dedric Rodman to third
Batting: RHB Peter Schoen 0-0: Called Strike
0-1: Fly out, F8 (Line Drive, 89M, EV 86.2 MPH)
Runner from 3rd tags up, SCORES, no throw by CF
Batting: RHB Nikolas Williams 0-0: Ball
1-0: Ball
2-0: Foul Ball, location: 2F
2-1: Foul Ball, location: 2F
2-2: Strikes out looking
Top of the 5th over - 1 run, 1 hit, 0 errors, 1 left on base; Bowie 2 - Somerset 5
BOTTOM OF THE 5TH
Somerset Patriots batting - Pitching for Bowie Baysox : RHP Aiden Greene
Batting: LHB Monte Baker 0-0: Ball
1-0: Ground out 4-3 (Groundball, 34D, EV 80.0 MPH)
Batting: SHB Ryder Speyer 0-0: Fly out, F8 (Flyball, 8RM, EV 91.9 MPH)
Batting: RHB Darren Bailly 0-0: Swinging Strike
0-1: Swinging Strike
0-2: Ball
1-2: Strikes out swinging
Bottom of the 5th over - 0 runs, 0 hits, 0 errors, 0 left on base; Bowie 2 - Somerset 5
TOP OF THE 6TH
Bowie Baysox batting - Pitching for Somerset Patriots : RHP Bill Chandler
Batting: RHB César Maldonado 0-0: Called Strike
0-1: SINGLE (Line Drive, 6, EV 93.8 MPH)
Batting: LHB E.J. Sadowski 0-0: Ball
1-0: Foul Ball, location: 2F
1-1: Fly out, F9 (Flyball, 89S, EV 82.5 MPH)
Batting: RHB Rory Phelps 0-0: Ball
1-0: Ball
2-0: Fielders Choice at 2nd, 1-6 (Groundball, 13S, EV 76.9 MPH)
Batting: LHB Antony Alonso 0-0: Called Strike
0-1: Foul Ball, location: 2F
0-2: Ground out 4-3 (Groundball, 4, EV 105.0 MPH)
Top of the 6th over - 0 runs, 1 hit, 0 errors, 1 left on base; Bowie 2 - Somerset 5
BOTTOM OF THE 6TH
Somerset Patriots batting - Pitching for Bowie Baysox : RHP Aiden Greene
Batting: RHB Garett Castoriadis 0-0: Foul Ball, location: 2F
0-1: Foul Ball, location: 2F
0-2: Strikes out swinging
Batting: LHB Jeremiah West 0-0: Ball
1-0: Swinging Strike
1-1: Called Strike
1-2: Ball
2-2: Strikes out swinging
Batting: RHB Lukas Catlin 0-0: Ball
1-0: Ball
2-0: Ball
3-0: Called Strike
3-1: Base on Balls
Batting: RHB Owen George 0-0: Ball
1-0: Ball
2-0: Ball
3-0: Base on Balls
Lukas Catlin to second
Batting: RHB Kymani Whitley 0-0: Ball
1-0: Foul Ball, location: 2F
1-1: Ball
2-1: Ball
3-1: Base on Balls
Lukas Catlin to third
Owen George to second
Pitching: RHP Ethan Wald
Batting: RHB Vijay Gonzalez 0-0: Called Strike
0-1: Ball
1-1: Foul Ball, location: 2F
1-2: Foul Ball, location: 2F
1-2: Foul Ball, location: 2F
1-2: Ball
2-2: Ball
3-2: Foul Ball, location: 2F
3-2: Strikes out swinging
Bottom of the 6th over - 0 runs, 0 hits, 0 errors, 3 left on base; Bowie 2 - Somerset 5
TOP OF THE 7TH
Bowie Baysox batting - Pitching for Somerset Patriots : RHP Bill Chandler
Batting: SHB Randy Heroux 0-0: Called Strike
0-1: Ball
1-1: Swinging Strike
1-2: Ball
2-2: Ball
3-2: Base on Balls
Batting: RHB Dedric Rodman 0-0: Foul Ball, location: 2F
0-1: Ball
1-1: Foul Ball, location: 2F
1-2: Foul Ball, location: 2F
1-2: Foul Ball, location: 2F
1-2: Foul Ball, location: 2F
1-2: Ball
2-2: Grounds into double play, 6-4-3 (Groundball, 6, EV 90.0 MPH)
Batting: RHB Hugo Magellan 0-0: Called Strike
0-1: Foul Ball, location: 2F
0-2: Ball
1-2: Strikes out looking
Top of the 7th over - 0 runs, 0 hits, 0 errors, 0 left on base; Bowie 2 - Somerset 5
BOTTOM OF THE 7TH
Somerset Patriots batting - Pitching for Bowie Baysox : RHP Ethan Wald
Batting: LHB Monte Baker 0-0: Fly out, F7 (Flyball, 7, EV 86.9 MPH)
Batting: SHB Ryder Speyer 0-0: Called Strike
0-1: Foul Ball, location: 2F
0-2: Foul Ball, location: 2F
0-2: Ball
1-2: Strikes out swinging
Batting: RHB Darren Bailly 0-0: Ball
1-0: Ball
2-0: Ball
3-0: Base on Balls
Batting: RHB Garett Castoriadis 0-0: Ball
1-0: SINGLE (Line Drive, 7LM, EV 105.6 MPH)
Darren Bailly to second
Batting: LHB Jeremiah West 0-0: Called Strike
0-1: Swinging Strike
0-2: Ball
1-2: Ball
2-2: Ground out 1-3 (Groundball, 13S, EV 70.0 MPH)
Bottom of the 7th over - 0 runs, 1 hit, 0 errors, 2 left on base; Bowie 2 - Somerset 5
TOP OF THE 8TH
Bowie Baysox batting - Pitching for Somerset Patriots : RHP Bill Chandler
Pitching: LHP Layton Whaley
Batting: RHB Peter Schoen 0-0: Swinging Strike
0-1: SINGLE (Line Drive, 34D, EV 104.4 MPH)
Batting: RHB Nikolas Williams 0-0: Fly out, F8 (Flyball, 8LXD, EV 101.2 MPH)
Batting: RHB César Maldonado 0-0: Ball
1-0: Ball
2-0: Called Strike
2-1: Foul Ball, location: 2F
2-2: Ball
3-2: Fly out, F7 (Flyball, 78D, EV 103.8 MPH)
Batting: LHB E.J. Sadowski 0-0: Called Strike
0-1: Called Strike
0-2: Strikes out looking
Top of the 8th over - 0 runs, 1 hit, 0 errors, 1 left on base; Bowie 2 - Somerset 5
BOTTOM OF THE 8TH
Somerset Patriots batting - Pitching for Bowie Baysox : RHP Ethan Wald
Batting: RHB Lukas Catlin 0-0: Swinging Strike
0-1: Foul Ball, location: 2F
0-2: Foul Ball, location: 2F
0-2: Ball
1-2: Ball
2-2: Strikes out swinging
Batting: RHB Owen George 0-0: Ball
1-0: Ball
2-0: Ball
3-0: Foul Ball, location: 2F
3-1: Base on Balls
Batting: RHB Kymani Whitley 0-0: SINGLE (Line Drive, 56, EV 106.2 MPH)
Owen George to second
Batting: RHB Vijay Gonzalez 0-0: Called Strike
0-1: Fly out, F4 (Popup, 4S, EV 66.9 MPH)
Pitching: RHP Duane Dominguez
Batting: LHB Monte Baker 0-0: Ball
1-0: Fly out, F6 (Popup, P, EV 83.1 MPH)
Bottom of the 8th over - 0 runs, 1 hit, 0 errors, 2 left on base; Bowie 2 - Somerset 5
TOP OF THE 9TH
Bowie Baysox batting - Pitching for Somerset Patriots : LHP Layton Whaley
Batting: RHB Rory Phelps 0-0: Called Strike
0-1: Ball
1-1: Foul Ball, location: 2F
1-2: Foul Ball, location: 2F
1-2: Foul Ball, location: 2F
1-2: Strikes out swinging, 2-3 out at first.
Batting: LHB Antony Alonso 0-0: Called Strike
0-1: Called Strike
0-2: Ball
1-2: Ball
2-2: Foul Ball, location: 2F
2-2: Strikes out looking
Batting: SHB Randy Heroux 0-0: Ball
1-0: Ball
2-0: Ground out U3 (Groundball, 34S, EV 83.8 MPH)
Top of the 9th over - 0 runs, 0 hits, 0 errors, 0 left on base; Bowie 2 - Somerset 5
Monday, April 29th , 2024 - OOTP Baseball 24.11 Build 85